 Dungeon Crawl Stone Soup version 0.19-a0-1155-gb6eeeff (console) character file.

7711 namelastname112 the Carver (level 11, -18/97 HPs)
             Began as a Mottled Draconian Gladiator on Aug 12, 2016.
             Was an Initiate of Gozag.
             Demolished by a yaktaur captain
             ... wielding the cursed +0 long sword "Sarcophage" {flame, rF+ rC+ Str+4}
              (27 damage)
             ... on level 9 of the Dungeon on Aug 13, 2016.
             The game lasted 00:43:57 (7523 turns).

namelastname112 the Carver (DrGl)                   Turns: 7523, Time: 00:43:58

Health: -18/97     AC:  9    Str: 18    XL:     11   Next: 0%
Magic:  9/9        EV: 17    Int:  9    God:    Gozag
Gold:   1494       SH:  0    Dex: 14    Spells: 0 memorised, 10 levels left

rFire  . . .     SeeInvis .     I - +1 scimitar (freeze)
rCold  . . .     Gourm    .     (armour unavailable)
rNeg   . . .     Faith    .     (no shield)
rPois  .         Spirit   .     b - +0 hat
rElec  .         Dismiss  .     (no cloak)
rCorr  .         Reflect  .     (no gloves)
MR     ++...     Harm     .     n - +1 pair of boots
Stlth  +.........               q - amulet of regeneration
                                y - ring of protection from magic
                                p - ring of protection from magic

@: gold aura, drained
A: breathe sticky flame splash, unfitting armour, low mp 1, evolution 1,
cold-blooded, AC +7
a: Breathe Sticky Flame, Potion Petition, Call Merchant, Bribe Branch, Renounce
Religion


You were on level 9 of the Dungeon.
You worshipped Gozag.
Gozag was most pleased with you.
You were not hungry.

You visited 1 branch of the dungeon, and saw 9 of its levels.
You also visited: Sewer.

You collected 1540 gold pieces.
You paid 46 gold pieces to Gozag.

Inventory:

Hand Weapons
 I - a +1 scimitar of freezing (weapon)
Missiles
 c - 3 throwing nets (quivered)
Armour
 b - a +0 hat (worn)
 n - a +1 pair of boots (worn)
Jewellery
 a - a +2 amulet of reflection {unknown}
 p - a ring of protection from magic (left hand)
 q - an amulet of regeneration (around neck)
 y - a ring of protection from magic (right hand)
 F - an uncursed amulet of dismissal {unknown}
Wands
 C - a wand of iceblast (0/15)
 E - a wand of digging (23/24)
Scrolls
 e - 2 scrolls of remove curse
 f - a scroll of magic mapping
 g - a scroll of amnesia
 l - 4 scrolls of teleportation
 t - 2 scrolls of immolation
 x - a scroll of blinking
 A - a scroll of brand weapon
Potions
 h - a potion of berserk rage
 j - 5 potions of resistance
 k - a potion of brilliance {unknown}
 m - a potion of might
 r - a potion of heal wounds
 s - 3 potions of curing
 u - a potion of haste
 v - a potion of agility
 z - 4 potions of flight
 B - a potion of ambrosia
 D - a potion of magic
 H - a potion of lignification {unknown}
Books
 i - a book of Dreams

   Spells                             Type                      Level
   a - Ensorcelled Hibernation        Hexes/Ice                    2
   b - Silence                        Hexes/Air                    5
   c - Darkness                       Hexes                        6
   d - Shadow Creatures               Summoning                    6
 w - a book of Frost

   Spells                             Type                      Level
   a - Freeze                         Ice                          1
   b - Throw Frost                    Conjuration/Ice              2
   c - Ozocubu's Armour               Charms/Ice                   3
   d - Throw Icicle                   Conjuration/Ice              4
   e - Summon Ice Beast               Ice/Summoning                4
Comestibles
 d - 10 bread rations
 o - 2 meat rations


   Skills:
 + Level 9.5(9.4) Fighting
 * Level 12.2(12.1) Long Blades
 - Level 1.7(1.6) Throwing
 + Level 8.2(8.1) Dodging


You had 10 spell levels left.
You didn't know any spells.

Dungeon Overview and Level Annotations

Branches:
Dungeon (9/15)             Temple (0/1) D:6             Orc (0/2) D:9
   Lair: D:8-11

Altars:
Elyvilon
Fedhas
Gozag
Kikubaaqudgha
Okawaru
Pakellas
Qazlal
Trog
Uskayaw
Xom
Yredelemnul
Zin

Shops:
D:7 }


Innate Abilities, Weirdness & Mutations

You can spit globs of burning liquid.
You can ignite nearby creatures when you spit burning liquid.
Your weird mottled scales are hard. (AC +7)
Your body does not fit into most forms of armour.
You are cold-blooded and may be slowed by cold attacks.
Your magical capacity is low. (-10% MP)
You evolve.


Message History

The shadow imp closely misses you.
Unknown command.
You slash the yaktaur captain!
The yaktaur captain is almost dead.
You have got your breath back.
The yaktaur captain hits you with a pitted long sword {flame}.
* * * LOW HITPOINT WARNING * * *
The yaktaur captain burns you.
* * * LOW HITPOINT WARNING * * *
The shadow imp hits you.
* * * LOW HITPOINT WARNING * * *
You take 6 damage, and have 11/97 hp.
You hit the yaktaur captain.
You tail-slap the yaktaur captain, but do no damage.
The yaktaur captain is almost dead.
The shadow imp hits you.
* * * LOW HITPOINT WARNING * * *
The yaktaur captain hits you with a pitted long sword {flame}!!
You die...
Your body crumbles into a pile of gold.

#....................#
##.#'########..####### #.#..#
#..##### #.#..# $ #......#
#########.##'# #......#
###.........#..# #......#
..........>.#..# #......#
###.........##)####'##......#
# #.........#..'@c'..#......#
# #########.#..#.5#..#......#
# #.##########.######
#............# ##############


You could see a yaktaur captain and a shadow imp.

Vanquished Creatures
  Gastronok (D:9)
  A deep elf mage (D:9)
  Grinder (D:5)
  A spriggan (D:7)
  A wyvern (D:9)
  4 water moccasins
  Purgy (Sewer)
  4 ice beasts
  8 orc warriors
  2 phantoms
  5 centaurs
  5 ogres
  Blork the orc (D:5)
  3 giant frogs
  3 scorpions
  9 wights
  6 killer bees (D:7)
  2 electric eels (D:9)
  6 crimson imps
  2 howler monkeys (D:9)
  5 hounds
  A centaur zombie (D:5)
  3 orc priests
  3 giant frog skeletons
  Ijyb (D:2)
  3 iguanas
  11 orc wizards
  3 worker ants
  2 hound skeletons
  8 adders
  An ooze (D:4)
  An adder skeleton (D:8)
  A worm (D:2)
  2 dart slugs (D:3)
  8 giant geckos
  32 orcs
  4 giant cockroaches
  10 goblins
  7 hobgoblins
  7 jackals
  8 kobolds
  5 quokkas
  5 ball pythons
  6 bats
  A giant gecko skeleton (D:8)
  9 giant newts
  5 rats
218 creatures vanquished.

Vanquished Creatures (others)
  The ghost of Xiguana the Conjurer, a novice TeCj of Vehumet (D:6)
  3 fulminant prisms (D:6)
4 creatures vanquished.

Grand Total: 222 creatures vanquished

Notes
Turn   | Place    | Note
-------+----------+-------------------------------------------
     0 | D:1      | namelastname112 the Draconian Gladiator began the quest for the Orb.
     0 | D:1      | Reached XP level 1. HP: 17/17 MP: 1/1
    86 | D:1      | Reached XP level 2. HP: 20/25 MP: 2/2
   514 | D:2      | Noticed Ijyb
   529 | D:2      | Killed Ijyb
   529 | D:2      | Reached XP level 3. HP: 16/30 MP: 3/3
   533 | D:2      | Reached skill level 4 in Long Blades
   763 | D:2      | Reached XP level 4. HP: 34/37 MP: 4/4
   868 | D:2      | Found an iron altar of Okawaru.
  1055 | D:2      | Found a hide-covered altar of Uskayaw.
  1668 | D:3      | Reached XP level 5. HP: 9/45 MP: 5/5
  1756 | D:3      | Found a glowing drain.
  1773 | Sewer    | Entered a sewer
  1957 | Sewer    | Noticed Purgy
  1972 | Sewer    | Killed Purgy
  1972 | Sewer    | Reached skill level 5 in Long Blades
  1972 | Sewer    | Reached XP level 6. HP: 23/52 MP: 6/6
  2388 | D:3      | Found a glowing silver altar of Zin.
  2402 | D:3      | casual: MOTTLED!
  2402 | D:3      | ne
  2703 | D:4      | Found an opulent altar of Gozag.
  2721 | D:4      | Became a worshipper of Gozag Ym Sagoz the Greedy
  2876 | D:4      | Reached skill level 6 in Long Blades
  2876 | D:4      | Your scales start taking on a weird mottled colour.
  2876 | D:4      | Reached XP level 7. HP: 60/60 MP: 7/7
  2877 | D:4      | aaaaaa
  2984 | D:4      | casual: Yay for monies!
  2984 | D:4      | casual: HAHA!
  3091 | D:5      | Entered Level 5 of the Dungeon
  3118 | D:5      | Reached skill level 5 in Fighting
  3283 | D:5      | Found a white marble altar of Elyvilon.
  3284 | D:5      | Noticed Grinder
  3289 | D:5      | casual: Trove needs 13 !oHW >_<
  3289 | D:5      | better then 27!cure
  3301 | D:5      | Killed Grinder
  3301 | D:5      | Reached skill level 7 in Long Blades
  3336 | D:5      | Found a shimmering altar of Xom.
  3364 | D:5      | Reached skill level 5 in Dodging
  3364 | D:5      | Reached XP level 8. HP: 59/69 MP: 8/8
  3464 | D:5      | Gained mutation: You are frail. (-10% HP) [potion of mutation]
  3464 | D:5      | Lost mutation: You are frail. (-10% HP) [potion of mutation]
  3464 | D:5      | Gained mutation: You evolve. [potion of mutation]
  3530 | D:5      | Noticed Blork the orc
  3544 | D:5      | Killed Blork the orc
  3654 | D:5      | Found a bloodstained altar of Trog.
  3786 | D:5      | Found a basalt altar of Yredelemnul.
  3786 | D:5      | Found a blossoming altar of Fedhas.
  3885 | D:5      | casual: Not really, I have like 20 spare cures and next to no HW.
  3885 | D:5      | casual: ASSBLAST THEM ALL WITH ONE BLAST!
  3931 | D:6      | Reached skill level 8 in Long Blades
  4061 | D:6      | Noticed Xiguana's ghost (novice TeCj)
  4075 | D:6      | Killed Xiguana's ghost
  4225 | D:6      | HP: 3/71 [wight/enchanted scimitar (9)]
  4539 | D:6      | Reached skill level 9 in Long Blades
  4539 | D:6      | Reached XP level 9. HP: 71/78 MP: 9/9
  4799 | D:6      | Found a staircase to the Ecumenical Temple.
  5090 | D:7      | Found an oddly glowing altar of Pakellas.
  5090 | D:7      | Found Pakellas's Prime Provisions.
  5182 | D:7      | Found a shimmering altar of Xom.
  5193 | D:7      | Upgraded the game from 0.19-a0-1127-gac58878 to 0.19-a0-1155-gb6eeeff
  5354 | D:7      | Found an ancient bone altar of Kikubaaqudgha.
  5397 | D:7      | Found a stormy altar of Qazlal.
  5429 | D:7      | Reached skill level 10 in Long Blades
  6026 | D:8      | Gained mutation: Your magical capacity is low. (-10% MP) [evolution]
  6309 | D:9      | Reached XP level 10. HP: 34/88 MP: 9/9
  6562 | D:9      | Reached skill level 11 in Long Blades
  6586 | D:9      | Noticed Gastronok
  6653 | D:9      | Killed Gastronok
  6912 | D:9      | Reached skill level 12 in Long Blades
  7031 | D:9      | Found a runed door.
  7031 | D:9      | Noticed a deep elf mage
  7041 | D:9      | Killed a deep elf mage
  7283 | D:9      | Found a staircase to the Orcish Mines.
  7509 | D:9      | Noticed a yaktaur captain
  7511 | D:9      | Reached XP level 11. HP: 87/97 MP: 9/9
  7523 | D:9      | Identified the cursed +0 long sword "Sarcophage" {flame, rF+ rC+ Str+4}
  7523 | D:9      | Demolished by a yaktaur captain

Vault maps used:
D:1:      dpeg_arrival_arbitrary_a
D:2:      okawaru_ov_weapons_minmay, eat_drink_and_be_merry_uskayaw,
          first_bread, uniq_iyjb
D:3:      lemuel_crystal_altar, portal_sewer_entry_f,
          hangedman_decor_clover_reticule
D:4:      grunt_gozag_statues
D:5:      elyvilon_altar_5, gammafunk_temple_overflow_elements, basic_altar,
          led_xom_imps, uniq_blork_the_orc, uniq_grinder
D:6:      corexii_corridor_pit, kennysheep_diamond
D:7:      nicolae_qazlal_general_emergency, kennysheep_mini_moat,
          kiku_gazebo_pond_becter, johnstein_pakellas_shop, the_bakery
D:9:      erik_orc_2, grunt_decor_mini_mirrors, minivault_13, uniq_gastronok
Sewer:    sewer_co_purgy_island

Skill      XL: |  1  2  3  4  5  6  7  8  9 10 |
---------------+-------------------------------+-----
Dodging        | 3 4 5 7 8 |  8.2
Long Blades    | 4 5 6 7 9 10 12 | 12.2
Fighting       | 3 4 5 6 8 9 |  9.5
Throwing       | |  1.7

Action                   |  1- 3 |  4- 6 |  7- 9 | 10-12 || total
-------------------------+-------+-------+-------+-------++-------
Melee: Long sword        |    63 |   267 |   471 |       ||   801
       Tailslap          |    12 |    34 |    82 |    47 ||   175
       Scimitar          |       |       |    16 |   240 ||   256
Throw: Throwing net      |       |       |     2 |       ||     2
 Abil: Breathe Sticky Fl |       |       |     4 |     4 ||     8
Evoke: Wand              |       |       |     2 |    10 ||    12
  Use: Scroll            |       |     8 |    23 |       ||    31
       Potion            |       |     2 |     1 |     1 ||     4
 Stab: Sleeping          |       |       |     1 |       ||     1
  Eat: Chunk             |       |     4 |       |       ||     4
       Royal jelly       |       |     1 |       |     1 ||     2
       Beef jerky        |       |     1 |     1 |       ||     2
       Meat ration       |       |       |     2 |     1 ||     3
       Pizza             |       |       |     1 |       ||     1
Armor: Skin              |    11 |    90 |    94 |    32 ||   227
Dodge: Dodged            |    35 |   173 |   254 |   109 ||   571
